 Dungeon Crawl Stone Soup version 0.29.0-4-gdea44cf6ec (webtiles) character file.

Game seed: 18166887206338176763

2 qw the Caller (level 1, 0/14 HPs)
             Began as a Ghoul Summoner on Sept 10, 2022.
             Slain by a jackal (1 damage)
             ... on level 1 of the Dungeon.
             The game lasted 00:00:05 (329 turns).

qw the Caller (Ghoul Summoner)                       Turns: 329, Time: 00:00:06

Health: 0/14       AC:  2    Str: 11    XL:     1   Next: 30%
Magic:  0/2        EV: 12    Int: 10    God:
Gold:   42         SH:  0    Dex:  9    Spells: 2/3 levels left

rFire   . . .      SeeInvis .   g - +0 whip
rCold   + . .      Faith    .   (no shield)
rNeg    + + +      Spirit   .   a - +0 robe
rPois   inf        Reflect  .   (no helmet)
rElec   .          Harm     .   (no cloak)
rCorr   .          Rampage  .   (no gloves)
Will    .....                   (no boots)
Stlth   ++........              (no amulet)
HPRegen 0.00/turn               (no ring)
MPRegen 0.08/turn               (no ring)

@: inhibited regen
A: claws 1, cold resistance 1, negative energy resistance 3, inhibited
regeneration, torment resistance 2, devour on kill
a: no special abilities


You were on level 1 of the Dungeon.
You visited 1 branch of the dungeon, and saw 1 of its levels.

You collected 42 gold pieces.


Innate Abilities, Weirdness & Mutations

You are immune to poison.
You have sharp fingernails.
Your flesh is cold resistant. (rC+)
You are immune to negative energy. (rN+++)
You do not regenerate when monsters are visible.
You are immune to unholy pain and torment.
You thrive by killing the living.


   Skills:
 + Level 0.5 Axes
 - Level 1.7 Dodging
 - Level 2.1 Stealth
 - Level 1.7 Spellcasting
 - Level 3.6 Summonings


You had 2 spell levels left.
You knew the following spells:

 Your Spells              Type           Power      Damage    Failure   Level
a - Summon Small Mammal   Summ           32%        N/A       8%          1

Your spell library contained the following spells:

 Spells                   Type           Power      Damage    Failure   Level
 Call Imp                 Summ           8%         N/A       11%         2
 Call Canine Familiar     Summ           8%         N/A       22%         3
 Summon Guardian Golem    Hex/Summ       4%         N/A       43%         3
 Summon Lightning Spire   Summ/Air       4%         N/A       83%         4

Inventory:

Hand Weapons
 g - a +0 whip (weapon)
Armour
 a - a +0 robe (worn)
Scrolls
 c - 6 scrolls of teleportation {unknown}
 e - 3 scrolls of identify {unknown}
 f - a scroll of fog {unknown}
Potions
 b - a potion of magic

Dungeon Overview and Level Annotations

Branches:
Dungeon (1/15)

Altars:


Message History

You hit the jackal but do no damage.
Your bat hits the bush but does no damage.
Your bat hits the jackal.
Your bat hits the bush but does no damage.
Your bat completely misses the jackal.
Your bat hits the bush but does no damage.
The jackal barely misses you.
Your bat hits the bush but does no damage.
You hit the jackal but do no damage.
Your bat hits the bush but does no damage.
Your bat hits the bush. The jackal bites you.
Your bat hits the bush but does no damage.
The jackal barely misses you.
You hit the jackal.
The jackal is severely wounded.
Your bat hits the bush but does no damage.
Your bat closely misses the jackal.
Your bat hits the bush but does no damage.
Your bat hits the jackal but does no damage.
The jackal bites you.
Your bat hits the bush but does no damage.
You closely miss the jackal.
The jackal is severely wounded.
Your bat hits the bush but does no damage. x2
The jackal barely misses you.
Your bat hits the bush but does no damage.
The jackal closely misses you.
Your bat hits the bush but does no damage.
328 ||| CASTING Summon Small Mammal
Casting: Summon Small Mammal (safe; 8% risk of failure)
Confirm with . or Enter, or press ? or * to list all spells.
Your bat disappears in a puff of smoke!
Your bat hits the bush but does no damage. x2
The jackal bites you.
Your bat hits the bush but does no damage.
You barely miss the jackal.
The jackal is heavily wounded.
Your bat hits the bush but does no damage.
The jackal bites you.
You die...

.(........ ........# .......+
#......# #....¤.#### #...¤......
#.hhh...... . ######### ##h## ..
......).# #P@P# #.#. ........#
##~b~## #+##.# ~ ........#
###~~r~~### #.##.# #~ ........#
##P~~~.~~~P###.##.# #~#
........##.............#.##.#~#~~
...........#P~~~.~~~P#...##.#~~~~
...........###~~.~~#####.##.#####
#...####.....##~.~###.##.##.#####
#........######P.P# #.#.....#....


You could see 4 jackals, a friendly bat (summoned) and a friendly rat
(summoned).

Vanquished Creatures
  A ball python (D:1)
  A rat (D:1)
2 creatures vanquished.

Notes
Turn   | Place    | Note
-------+----------+-------------------------------------------
     0 | D:1      | qw the Ghoul Summoner began the quest for the Orb.
     0 | D:1      | Reached XP level 1. HP: 14/14 MP: 2/2
     0 | D:1      | 0 ||| qw: Version: 0.1-a-116-g5d60599
     0 | D:1      | 0 ||| qw: Game counter: 7503
     0 | D:1      | 0 ||| qw: Always use a shield: true
     0 | D:1      | 0 ||| qw: God list: Okawaru
     0 | D:1      | 0 ||| qw: Allow faded altars: false
     0 | D:1      | 0 ||| qw: Do Orc after D:15 true
     0 | D:1      | 0 ||| qw: Do second Lair branch before Depths: true
     0 | D:1      | 0 ||| qw: Lair rune preference: random
     0 | D:1      | 0 ||| qw: Plans: Normal
     0 | D:1      | 0 ||| PLANNING D:1-11
    25 | D:1      | 25 ||| Wielding weapon +0 short sword.
    70 | D:1      | 70 ||| CASTING Summon Small Mammal
    71 | D:1      | 71 ||| CASTING Summon Small Mammal
   299 | D:1      | 299 ||| SWAPPING to +0 whip.
   300 | D:1      | 300 ||| DROPPING +0 short sword.
   304 | D:1      | 304 ||| CASTING Summon Small Mammal
   305 | D:1      | 305 ||| CASTING Summon Small Mammal
   313 | D:1      | 313 ||| Stepping ~*~*~tactically~*~*~ (outnumbered).
   316 | D:1      | 316 ||| CASTING Summon Small Mammal
   328 | D:1      | 328 ||| CASTING Summon Small Mammal
   328 | D:1      | HP: 1/14 [jackal (3)]
   329 | D:1      | Slain by a jackal

Levels and vault maps discovered:
D:1:      minmay_arrival_loop, layout_basic, minmay_crystal_water,
          dreamdust_princess_bridge

Action                   || total
-------------------------++-------
Melee: Whip              ||    18
       Short sword       ||     4
 Cast: Summon Small Mamm ||     6
Armor: Robe              ||     3
Dodge: Dodged            ||    23

Table legend:
 A = Non-vault XP
 B = Vault XP
 C = Vault XP percentage of total XP
 D = Non-vault monster count
 E = Vault monster count
 F = Vault count percentage of total count
                 A         B        C        D         E       F
            +---------+---------+-------+---------+---------+-------
      Total |       3 |       0 |   0.0 |       2 |       0 |   0.0
            +---------+---------+-------+---------+---------+-------
        D:1 |       3 |       0 |   0.0 |       2 |       0 |   0.0
            +---------+---------+-------+---------+---------+-------
